 Dungeon Crawl Stone Soup version 0.28-a0-1356-g2ad6d04315 (webtiles) character file.

Game seed: 14963448435069956148

55 mordus the Firebug (level 3, -3/28 HPs)
             Began as a Draconian Fire Elementalist on Dec 30, 2021.
             Slain by a black bear (11 damage)
             ... on level 2 of the Dungeon.
             The game lasted 00:04:32 (1260 turns).

mordus the Firebug (Draconian Fire Elementalist)    Turns: 1260, Time: 00:04:33

Health: -3/28      AC:  5    Str: 10    XL:     3   Next: 67%
Magic:  0/6        EV: 12    Int: 17    God:
Gold:   26         SH:  0    Dex: 11    Spells: 5/6 levels left

rFire   . . .      SeeInvis .   d - +0 mace
rCold   . . .      Faith    .   (no shield)
rNeg    . . .      Spirit   .   (armour unavailable)
rPois   .          Reflect  .   (helmet restricted)
rElec   .          Harm     .   (no cloak)
rCorr   .          Rampage  .   (no gloves)
Will    .....                   (no boots)
Stlth   ++........              (no amulet)
HPRegen 0.09/turn               (no ring)
MPRegen 0.10/turn               (no ring)

@: no status effects
A: AC +5, unfitting armour, cold-blooded
a: no special abilities


You were on level 2 of the Dungeon.
You visited 1 branch of the dungeon, and saw 2 of its levels.

You collected 26 gold pieces.

Inventory:

Hand Weapons
 d - a +0 mace (weapon)
Scrolls
 b - 2 scrolls of teleportation {unknown}
 e - a scroll of identify {unknown}
 f - a scroll of enchant weapon {unknown}
 g - a scroll of noise {unknown}
Potions
 a - a potion of magic {unknown}
 c - a potion of invisibility {unknown}


   Skills:
 + Level 1.1 Fighting
 + Level 2.2 Dodging
 - Level 1.7 Stealth
 + Level 2.3 Spellcasting
 + Level 1.7 Conjurations
 * Level 3.6 Fire Magic


You had 5 spell levels left.
You knew the following spells:

 Your Spells              Type           Power      Damage    Failure   Level
a - Foxfire               Conj/Fire      44%        2x1d6     6%          1

Your spell library contained the following spells:

 Spells                   Type           Power      Damage    Failure   Level
 Scorch                   Fire           28%        2d6       6%          2
 Conjure Flame            Conj/Fire      11%        6-21      19%         3
 Inner Flame              Hex/Fire       8%         N/A       26%         3
 Flame Wave               Conj/Fire      11%        2d5       52%         4


Dungeon Overview and Level Annotations

Branches:
Dungeon (2/15)

Altars:


Innate Abilities, Weirdness & Mutations

Your plain brown scales are hard. (AC +5)
You cannot fit into any form of body armour.
You are cold-blooded and may be slowed by cold attacks.


Message History

The foxfire hits the black bear.
The black bear is heavily wounded.
The foxfire hits the black bear but does no damage.
The black bear is heavily wounded.
Casting: Foxfire (safe; 6% risk of failure)
Confirm with . or Enter, or press ? or * to list all spells.
You conjure some foxfire!
The black bear bites you. The black bear claws you.
The black bear claws you but does no damage.
The foxfire hits the black bear.
The black bear is heavily wounded.
The foxfire hits the black bear.
The black bear is heavily wounded.
You barely miss the black bear. You tail-slap the black bear.
The black bear is heavily wounded.
The black bear barely misses you. x2; The black bear claws you.
The black bear barely misses you. The black bear claws you.
The black bear misses you.
You hit the black bear but do no damage.
The black bear is heavily wounded.
The black bear bites you but does no damage.
The black bear claws you.
The black bear claws you but does no damage.
You barely miss the black bear.
The black bear is heavily wounded.
The hobgoblin drinks a potion.
The hobgoblin seems to grow stronger.
The black bear bites you but does no damage.
The black bear claws you but does no damage.
The black bear claws you.
Casting: Foxfire (safe; 6% risk of failure)
Confirm with . or Enter, or press ? or * to list all spells.
You conjure some foxfire!
The black bear misses you. The black bear barely misses you.
The black bear claws you.
* * * LOW HITPOINT WARNING * * *
The foxfire hits the black bear.
The black bear is severely wounded.
The foxfire hits the black bear.
The black bear is severely wounded.
The black bear goes berserk!
The black bear bites you!
You die...

#..................
#.......<.......###
#........##.###.#
####........# #.#
#####.######.#
#....).).#
##########.######.#
#..h..#....# #.# #.
#.##..#@.#..### #.#
..#.###.##†.#..#..#
#.#
#.#.....##.r#..#..#
#.#
........##g##)##.##
#.#
#......#.S#..#..#
#.#
#......#..#..#..#
###
##.....§#..#).#..#
...........#.....#
........##########


You could see a black bear (berserk).

Vanquished Creatures
  An adder (D:2)
  A dart slug (D:1)
  4 ball pythons (D:1)
  4 bats
  4 endoplasms
  A giant cockroach (D:1)
  5 goblins
  4 hobgoblins
  5 kobolds (D:1)
  3 quokkas (D:1)
  4 frilled lizards
  5 rats (D:1)
41 creatures vanquished.

Vanquished Creatures (collateral kills)
  A foxfire (D:1)
1 creature vanquished.

Vanquished Creatures (others)
  77 foxfires
77 creatures vanquished.

Grand Total: 119 creatures vanquished

Notes
Turn   | Place    | Note
-------+----------+-------------------------------------------
     0 | D:1      | mordus the Draconian Fire Elementalist began the quest for
                  | the Orb.
     0 | D:1      | Reached XP level 1. HP: 14/14 MP: 3/3
   109 | D:1      | Reached XP level 2. HP: 22/22 MP: 0/5
   526 | D:1      | Reached XP level 3. HP: 23/27 MP: 3/6
  1003 | D:2      | Reached skill level 1 in Fighting
  1234 | D:2      | Noticed a black bear
  1260 | D:2      | Slain by a black bear

Illustrated notes

Levels and vault maps discovered:
D:1:      dpeg_arrival_shelter, layout_basic
D:2:      minmay_angry_zag, layout_basic, ebering_ecumenical_altar_webs,
          cheibrodos_gnoll_hut, uniq_jessica

Skill      XL: |  1  2  3 |
---------------+----------+-----
Dodging        | 2 |  2.2
Fighting       | 1 |  1.1
Stealth        | |  1.7
Spellcasting   | |  2.3
Conjurations   | |  1.7
Fire Magic     | |  3.6

Action                   || total
-------------------------++-------
Melee: Mace              ||    44
       Tailslap          ||     5
 Cast: Foxfire           ||    44
 Stab: Sleeping          ||     1
Armor: Skin              ||    21
Dodge: Dodged            ||    48

Table legend: (Time is in decaauts)
 A = Elapsed time spent in this place.
 B = Non-inter-level travel time spent in this place.
 C = Inter-level travel time spent in this place.
 D = Time resting spent in this place.
 E = Time spent auto-exploring this place.
 F = Levels seen in this place.
 G = Mean time per level.
                   A        B        C        D        E       F      G
               +--------+--------+--------+--------+--------+-----+--------+
         Total |   1277 |   1277 |      0 |      0 |    947 |   2 |  638.5 |
       Dungeon |   1277 |   1277 |      0 |      0 |    947 |   2 |  638.5 |
               +--------+--------+--------+--------+--------+-----+--------+

Top non-repeatable levels by time:
     D:1: 975 daAuts
     D:2: 301 daAuts
